 Dungeon Crawl Stone Soup version 0.24.1-8-ga250c9d538 (webtiles) character file.

Game seed: 650956340971483115, levelgen mode: deterministic

39 Hugehornet the Changer (level 3, -5/23 HPs)
             Began as an Octopode Transmuter on May 4, 2020.
             Slain by a worm (10 damage)
             ... on level 2 of the Dungeon.
             The game lasted 00:01:36 (859 turns).

Hugehornet the Changer (Octopode Transmuter)         Turns: 859, Time: 00:01:37

Health: -5/23      AC:  1    Str:  9    XL:     3   Next: 47%
Magic:  1/6        EV: 13    Int: 16    God:
Gold:   20         SH:  0    Dex: 12    Spells: 0/6 levels left

rFire    . . .     SeeInvis .     - Unarmed
rCold    . . .     Gourm    .   (no shield)
rNeg     . . .     Faith    .   (helmet restricted)
rPois    .         Spirit   .   (no amulet)
rElec    .         Reflect  .   b - ring of teleportation (curse)
rCorr    .         Harm     .   (no ring)
MR       .....     Rnd*Tele +   (no ring)
Stlth    ++........             (no ring)
HPRegen  0.07/turn              (no ring)
MPRegen  0.10/turn              (no ring)
                                (no ring)
                                (no ring)

@: appendage, very slightly contaminated
A: almost no armour, stealthy swim, amphibious, 8 rings, constrict 8, tentacle
spike 3, camouflage 1, gelatinous body 1
a: End Transformation


You were on level 2 of the Dungeon.
You were not hungry.
One of your tentacles had a temporary spike.
You visited 1 branch of the dungeon, and saw 2 of its levels.

You collected 20 gold pieces.

Inventory:

Missiles
 a - 33 arrows
Armour
 d - a +0 buckler
Jewellery
 b - a cursed ring of teleportation (left tentacle)
Potions
 e - a potion of flight
 f - 2 potions of degeneration {unknown}
 g - a potion of cancellation {unknown}
 h - a potion of mutation {unknown}
Comestibles
 c - a ration
 i - 2 chunks of flesh


   Skills:
 - Level 1.0 Fighting
 - Level 2.0 Dodging
 - Level 3.0 Unarmed Combat
 - Level 2.0 Spellcasting
 + Level 3.8 Transmutations


You couldn't memorise any spells.
You knew the following spells:

 Your Spells              Type           Power        Failure   Level  Hunger
a - Beastly Appendage     Tmut           ##....       4%          1    #......
b - Sticks to Snakes      Tmut           ##......     7%          2    ###....
c - Spider Form           Tmut/Pois      #.........   28%         3    ###....

Your spell library contained the following spells:

 Spells                   Type           Power        Failure   Level  Hunger
 Ice Form                 Ice/Tmut       #.......     67%         4    #####..
 Blade Hands              Tmut           ##........   77%         5    ######.


Dungeon Overview and Level Annotations

Branches:
Dungeon (2/15)

Altars:


Innate Abilities, Weirdness & Mutations

You cannot wear most types of armour.
You are very stealthy in the water. (Stealth+)
You are amphibious.
You can wear up to eight rings at the same time.
You can use your tentacles to constrict eight enemies at once.
Your skin changes colour to match your surroundings (Stealth+).
Your rubbery body absorbs attacks. (AC +1, EV +1)
One of your tentacles bears a large vicious spike.


Message History

Items here: )) †† a +0 club; a +0 dagger; a kobold corpse x2
Casting: Spider Form (safe; 28% risk of failure)
Confirm with . or Enter, or press ? or * to list all spells.
One of your tentacles grows a vicious spike.
The worm bites you!
You tentacle-slap the worm. Your grab misses the worm.
The worm is lightly wounded.
You tentacle-slap the worm. Your grab misses the worm.
The worm is moderately wounded.
The worm completely misses you.
You tentacle-slap the worm. You grab the worm.
The worm is heavily wounded.
You constrict the worm. You barely miss the worm.
The worm is severely wounded.
You constrict the worm. The worm bites you!
* * * LOW HITPOINT WARNING * * *
The worm bites you!
You die...

# . .. .#
....###########.####
.........(.w........
[..###w####........
.. ##@# #(##.###.
....#w####.K..#
..........w...#.###
..###.#.####.## ..
......###.##.#.#
###.#..#.([...# #
##....#......#.
#..#............
#...#.#.....####


You could see 2 worms.

Vanquished Creatures
  An adder (D:2)
  An ooze (D:1)
  3 leopard geckos
  2 bats (D:1)
  A goblin (D:1)
  2 hobgoblins (D:1)
  5 kobolds
  A quokka (D:2)
  A frilled lizard (D:2)
  7 rats (D:1)
24 creatures vanquished.

Notes
Turn   | Place    | Note
-------+----------+-------------------------------------------
     0 | D:1      | Hugehornet the Octopode Transmuter began the quest for the
                  | Orb.
     0 | D:1      | Reached XP level 1. HP: 13/13 MP: 3/3
    65 | D:1      | Reached XP level 2. HP: 13/18 MP: 3/5
   149 | D:1      | Learned a level 2 spell: Sticks to Snakes
   731 | D:1      | Reached XP level 3. HP: 20/23 MP: 4/6
   736 | D:1      | Learned a level 3 spell: Spider Form
   859 | D:2      | Slain by a worm

Levels and vault maps discovered:
D:1:      saegor_arrival_under_anarchy, layout_basic
D:2:      layout_loops_ring, bloody_makhleb, first_ration

Skill      XL: |  1  2 |
---------------+-------+-----
Transmutations | 3 |  3.8
Fighting       | |  1.0
Dodging        | |  2.0
Unarmed Combat | |  3.0
Spellcasting   | |  2.0

Action                   || total
-------------------------++-------
Melee: Unarmed           ||    63
       Constrict         ||    13
       Kick              ||     7
       Tentacles         ||     3
       Punch             ||     1
 Cast: Beastly Appendage ||    14
       Spider Form       ||     1
  Use: Scroll            ||     1
 Stab: Sleeping          ||     3
Armor: Skin              ||     7
Dodge: Dodged            ||    48
